 Dungeon Crawl Stone Soup version 0.23-a0-642-g3120c2f (console) character file.

435004 Duffy the Sorcerer (level 22, -44/175 HPs)
             Began as a Demonspawn Fire Elementalist on Dec 30, 2018.
             Was the Champion of Vehumet.
             Annihilated by a titan (53 damage)
             ... while paralysed by a lich
             ... on level 2 of the Depths.
             The game lasted 02:05:33 (70670 turns).

Duffy the Sorcerer (Demonspawn Fire Elementalist)  Turns: 70670, Time: 02:05:34

Health: -44/175    AC: 19    Str: 10    XL:     22   Next: 91%
Magic:  0/47       EV:  2    Int: 39    God:    Vehumet [******]
Gold:   1872       SH:  0    Dex: 10    Spells: 10/63 levels left

rFire    + + .     SeeInvis .   y - staff of conjuration {!a}
rCold    + . .     Gourm    .   (no shield)
rNeg     + . .     Faith    .   D - +2 robe {rC+ rF+}
rPois    +         Spirit   +   E - +2 helmet {Int+3}
rElec    .         Reflect  .   a - +2 cloak
rCorr    +         Harm     +   (gloves unavailable)
MR       +....                  X - +0 pair of boots of Vogannom {rF+ rN+ rCorr Dex-5}
Stlth    +++++.....             H - amulet of the Shining Light {Harm *Drain Int+4}
HPRegen  0.39/turn              q - ring of Robustness {AC+8}
MPRegen  0.60/turn              R - ring "Vivvusu" {*Contam +Inv rPois EV+1 Int+8}

@: paralysed, drained, repel missiles
A: claws 3, repulsion field 3, nightstalker 3, augmentation 1, magic shield,
magic regeneration, magic link
}: 2/15 runes: decaying, serpentine
a: Renounce Religion, Evoke Invisibility


You were on level 2 of the Depths.
You worshipped Vehumet.
Vehumet was exalted by your worship.
You were not hungry.

You visited 9 branches of the dungeon, and saw 41 of its levels.
You visited 2 bazaars.
You also visited: Sewer, Ossuary and Ice Cave.

You collected 4734 gold pieces.
You spent 2862 gold pieces at shops.

Inventory:

Hand Weapons
 v - a +1 blowgun
Missiles
 L - 18 curare-tipped needles
Armour
 a - a +2 cloak (worn)
 D - a +2 robe of resistance (worn)
 E - a +2 helmet of intelligence (worn)
 X - the +0 pair of boots of Vogannom (worn) {rF+ rN+ rCorr Dex-5}
   (You found it on level 15 of the Dungeon)

   It affects your dexterity (-5).
   It protects you from fire.
   It protects you from negative energy.
   It provides partial protection from all sources of acid and corrosion.
Magical Staves
 y - an uncursed staff of conjuration (weapon) {!a}
Jewellery
 e - an uncursed ring of protection from cold
 j - the ring "Avotiz" {rElec rC- MR+++ AC+2 Stlth+}
   (You found it on level 3 of the Lair of Beasts)

   [ring of protection]

   It affects your AC (+2).
   It makes you vulnerable to cold.
   It insulates you from electricity.
   It affects your resistance to hostile enchantments.
   It makes you more stealthy.
 q - the ring of Robustness (left claw) {AC+8}
   (You took it off a deep elf mage on level 3 of the Elven Halls)

   [ring of protection]

   It affects your AC (+8).
 s - the ring of Grace {-Tele rF+ Str+5 Int+8}
   (You found it on level 1 of the Swamp)

   [ring of protection from fire]

   It affects your strength (+5).
   It affects your intelligence (+8).
   It protects you from fire.
   It prevents most forms of teleportation.
 B - the ring "Heittato" {MP+9 Int+4 Dex+4}
   (You took it off a crimson imp on level 15 of the Dungeon)

   [ring of dexterity]

   It affects your intelligence (+4).
   It affects your dexterity (+4).
   It affects your magic capacity (+9).
 F - the ring of Wexepp {+Fly rF+ Stlth+}
   (You found it on level 4 of the Snake Pit)

   [ring of flight]

   It protects you from fire.
   It lets you fly.
   It makes you more stealthy.
 H - the amulet of the Shining Light (around neck) {Harm *Drain Int+4}
   (You found it in an ice cave)

   [amulet of harm]

   It increases damage dealt and taken.
   It affects your intelligence (+4).
   It causes draining when unequipped.
 R - the ring "Vivvusu" (right claw) {*Contam +Inv rPois EV+1 Int+8}
   (You found it on level 1 of the Swamp)

   [ring of evasion]

   It affects your evasion (+1).
   It affects your intelligence (+8).
   It protects you from poison.
   It lets you turn invisible.
   It causes magical contamination when unequipped.
Wands
 J - a wand of paralysis (23)
 O - a wand of iceblast (18)
 S - a wand of acid (9)
 W - a wand of digging (20)
Scrolls
 b - 19 scrolls of teleportation
 d - 21 scrolls of remove curse
 f - 8 scrolls of fear
 h - 6 scrolls of magic mapping
 i - 4 scrolls of fog
 l - 11 scrolls of immolation
 t - 3 scrolls of blinking
 C - a scroll of acquirement
 N - 2 scrolls of summoning
 U - 5 scrolls of identify
Potions
 g - 7 potions of heal wounds
 k - 3 potions of magic
 m - 11 potions of agility
 n - 24 potions of curing
 o - a potion of invisibility
 r - 7 potions of haste
 u - a potion of resistance
 x - 3 potions of lignification
 z - 13 potions of flight
 A - 4 potions of cancellation
 I - 2 potions of brilliance
 T - a potion of ambrosia
Miscellaneous
 p - 5 sacks of spiders
 w - a box of beasts
 G - a lamp of fire
 K - a phial of floods
 M - a crystal ball of energy
 V - a phantom mirror
Comestibles
 c - 58 rations


   Skills:
 - Level 15.0(14.6) Fighting
 - Level 10.0(9.6) Dodging
 - Level 1.7(1.5) Stealth
 + Level 21.3(20.8) Spellcasting
 + Level 19.9(19.5) Conjurations
 - Level 4.1(3.8) Charms
 - Level 4.1(3.8) Necromancy
 + Level 17.1(16.7) Fire Magic
 - Level 5.0(4.7) Earth Magic
 - Level 10.0(9.6) Evocations


You had 10 spell levels left.
You knew the following spells:

 Your Spells              Type           Power        Failure   Level  Hunger
a - Flame Tongue          Conj/Fire      #####        0%          1    None
b - Blink                 Tloc           N/A          1%          2    None
c - Conjure Flame         Conj/Fire      ########     0%          3    None
d - Stone Arrow           Conj/Erth      ######       0%          3    None
f - Sticky Flame          Conj/Fire      ########     0%          4    None
h - Bolt of Fire          Conj/Fire      ########..   1%          6    None
i - Ignition              Fire           ########..   1%          8    ##.....
j - Iron Shot             Conj/Erth      ########..   1%          6    None
k - Fireball              Conj/Fire      ########..   0%          5    None
l - Fire Storm            Conj/Fire      ########..   11%         9    ####...
o - Mephitic Cloud        Conj/Pois/Air  #######.     1%          3    None
y - Regeneration          Chrm/Necr      ######....   1%          3    None

Your spell library contained the following spells:

 Spells                   Type           Power        Failure   Level  Hunger
 Tornado                  Air            #####.....   100%        9    ####...
 Magic Dart               Conj           ####         0%          1    None
 Sting                    Conj/Pois      ####         0%          1    None
 Searing Ray              Conj           ######       0%          2    None
 Throw Flame              Conj/Fire      ######       0%          2    None
 Iskenderun's Mystic Bla  Conj           ########     0%          4    None
 Animate Skeleton         Necr           N/A          1%          1    None
 Apportation              Tloc           #####.       1%          1    None
 Confusing Touch          Hex            #####.       1%          1    None
 Infusion                 Chrm           ####         1%          1    None
 Sandblast                Erth           ######       1%          1    None
 Summon Small Mammal      Summ           ####         1%          1    None
 Call Imp                 Summ           #####...     1%          2    None
 Passwall                 Tmut/Erth      ######..     1%          2    None
 Poisonous Vapours        Pois/Air       #####.       1%          2    None
 Shroud of Golubria       Chrm/Tloc      ######....   1%          2    None
 Slow                     Hex            #####...     1%          2    None
 Song of Slaying          Chrm           ######..     1%          2    None
 Dazzling Spray           Conj/Hex       ######       1%          3    None
 Gell's Gravitas          Tloc           #####.....   1%          3    None
 Ignite Poison            Fire/Tmut/Pois ######..     1%          3    None
 Inner Flame              Hex/Fire       #######.     1%          3    None
 Portal Projectile        Hex/Tloc       #####.       1%          3    None
 Spectral Weapon          Hex/Chrm       ######..     1%          3    None
 Summon Guardian Golem    Hex/Summ       #####...     1%          3    None
 Force Lance              Conj/Tloc      ########     1%          4    None
 Fulminant Prism          Conj/Hex       ########..   1%          4    None
 Olgreb's Toxic Radiance  Pois           #####...     1%          4    None
 Bolt of Magma            Conj/Fire/Erth ########..   1%          5    None
 Iskenderun's Battlesphe  Conj/Chrm      ########     1%          5    None
 Lee's Rapid Deconstruct  Erth           ######....   1%          5    None
 Venom Bolt               Conj/Pois      ########..   1%          5    None
 Bolt of Cold             Conj/Ice       ########..   1%          6    None
 Freezing Cloud           Conj/Ice/Air   #######...   1%          6    None
 Leda's Liquefaction      Hex/Erth       ######....   2%          4    None
 Petrify                  Tmut/Erth      ######..     2%          4    None
 Cause Fear               Hex            #####.....   6%          4    None
 Ice Form                 Ice/Tmut       #####...     6%          4    None
 Metabolic Englaciation   Hex/Ice        #####.....   17%         5    None
 Death Channel            Necr           ######....   21%         6    None
 Ozocubu's Refrigeration  Ice            #####.....   24%         6    None
 Statue Form              Tmut/Erth      ######...    34%         6    None
 Deflect Missiles         Chrm/Air       ######....   41%         6    None
 Simulacrum               Ice/Necr       ######....   41%         6    None
 Dispersal                Tloc           #####.....   67%         6    None
 Dragon Form              Tmut           #####.....   99%         7    None
 Controlled Blink         Tloc           N/A          100%        8    ##.....
 Disjunction              Tloc           #####.....   100%        8    ##.....
 Dragon's Call            Summ           #####.....   100%        9    ####...
 Shatter                  Erth           ######....   100%        9    ####...


Dungeon Overview and Level Annotations

Branches:
Dungeon (15/15)            Temple (1/1) D:6            Lair (6/6) D:9
  Swamp (4/4) Lair:3        Snake (4/4) Lair:2        Slime (0/5) Lair:5
    Orc (2/2) D:12            Elf (3/3) Orc:2        Vaults (4/5) D:13
  Crypt (0/3) Vaults:3     Depths (2/5) D:15

Altars:
Ashenzari
Cheibriados
Dithmenos
Elyvilon
Fedhas
Gozag
Hepliaklqana
Kikubaaqudgha
Makhleb
Nemelex Xobeh
Okawaru
Qazlal
Ru
Sif Muna
Trog
Uskayaw
Vehumet
Wu Jian
Xom
Yredelemnul
Zin
The Shining One
Beogh

Shops:
D:11 :   D:15 }[=   Orc:1 %   Orc:2 *%*?   Elf:1 [   Elf:2 :   Snake:2 (
Snake:4 %   Vaults:1 :}*

Portals:
Hell: Lair:6 Depths:1 Depths:2
Abyss: Depths:2
Pandemonium: Depths:2
Trove: Vaults:3 (give +5 demon blade)

Annotations:
D:4 exclusion: upstairs
Elf:2 3 runed doors, exclusion: 3 doors
Depths:2 OllytheWally's ghost, adept FoAK


Innate Abilities, Weirdness & Mutations

You have claws for hands.
You are surrounded by a strong repulsion field. (EV +4, RMsl)
You are completely attuned to the shadows.
Your magical and physical power is slightly enhanced at high health.
When hurt, damage is shared between your health and your magic reserves.
You regenerate magic rapidly.
When low on magic, you restore magic in place of health.


Message History

The lich seems to speed up.
OllytheWally's ghost misses you.
Casting: Blink (safe; 1% risk of failure)
Confirm with . or Enter, or press ? or * to list all spells.
You blink.
The lich casts a spell at you.
You suddenly lose the ability to move!
The lich completely misses you.
The lich touches you but does no damage.
The lich touches you. The lich touches you! You partially resist.
You feel drained.
The titan waves its arms in wide circles.
The air twists around and strikes you! The lich touches you.
You partially resist.
You feel drained. The lich casts a spell at you.
The bolt of lightning hits you! OllytheWally's ghost hits you!
The lich completely misses you. The titan hits you!!
OllytheWally's ghost hits you!
The lich touches you but does no damage.
The titan hits you!!!
You die...

.)#)......######...............#
..'.......#.....(..............#
..#.).....#.###C')###..........#
..#.......#.#..)%)).#..........#
..#.......#.#.......#.###......#
..#.......#.#.......#..##......#
..#.......#.#.......#..........#
###.....###.#...WLC.#..........#
.###.(.)'...#.|!?@:.#..........#
...##..)#...#.......#..##......#
....##.)#...#########..##......#
#....#..#.....)........###'#####
.....##.#'#######..............#
..#...#.........#..............#
.###..##........#...[..........#
##
#...#........#......########## #
##..#........#......#........#


You could see a titan, a lich and OllytheWally's ghost.

Vanquished Creatures
  A juggernaut (Depths:2)
  Boris (Vaults:2)
  Sojobo (Vaults:2)
  Saint Roka (Vaults:2)
  Jory (Vaults:4)
  4 caustic shrikes
  Rupert (Lair:4)
  A tentacled monstrosity (Vaults:4)
  Asterion (Snake:3)
  An acid blob (shapeshifter) (Depths:1)
  2 deep elf blademasters (Elf:3)
  A deep elf master archer (Elf:3)
  The ghost of feelmyfire the Wrestler, an adept TrWr of Ru (Elf:1)
  3 sphinxes
  Kirke (D:14)
  Roxanne (Elf:3)
  3 tengu reavers
  The ghost of Sefexkig the Impaler, an adept MfIE of Makhleb (Snake:3)
  A storm dragon (Vaults:4)
  2 thorn hunters
  9 nagarajas
  5 frost giants
  4 fire giants
  2 orc warlords
  8 deep elf sorcerers
  6 vault wardens
  3 deep elf elementalists (Elf:3)
  6 ironheart preservers
  25 very ugly things
  15 stone giants
  4 entropy weavers
  A vampire knight (Depths:2)
  9 deep elf annihilators
  5 deep elf demonologists (Elf:3)
  Azrael (Snake:1)
  The ghost of Xanleava the Nimble, a journeyman SpBe of Trog (Depths:1)
  A dire elephant (Lair:6)
  2 spark wasps (Depths:2)
  Josephine (D:13)
  A crystal guardian (Vaults:3)
  5 deep elf death magi (Elf:3)
  8 fire dragons
  6 ettins
  The ghost of azzavlup the Envoy of Void, a journeyman DsAK of Lugonu (Lair:1)
  4 deep elf high priests
  8 yaktaur captains
  A great orb of eyes (Vaults:2)
  5 vault guards
  5 rakshasas
  37 hydras
  5 ice dragons
  A hell beast (Lair:6)
  3 catoblepae
  9 naga warriors
  17 anacondas
  2 spriggan air magi
  4 shambling mangroves
  9 ogre magi
  2 ghost crabs
  31 two-headed ogres
  2 tengu warriors (Depths:1)
  12 centaur warriors
  A queen ant (Lair:5)
  A deep troll shaman (Vaults:2)
  13 dancing weapons
  10 alligators
  2 death yaks (Lair:6)
  A vampire mage (Depths:2)
  3 orc high priests
  A spriggan berserker (Depths:1)
  4 shock serpents
  The ghost of Amnesiac the Covert, a journeyman SpEn of Gozag (Orc:2)
  18 deep elf knights
  9 naga sharpshooters
  Nergalle (D:9)
  2 shadow wraiths (Vaults:4)
  A spectral death yak (Lair:2)
  A fire crab (shapeshifter) (Vaults:4)
  6 hell knights (Depths:2)
  A skeletal warrior (D:13)
  A salamander mystic (Snake:2)
  2 flayed ghosts
  3 glowing orange brains
  6 deep trolls
  16 swamp dragons
  Pikel (D:6)
  13 wizards
  7 naga ritualists
  12 ironbrand convokers
  A harpy (shapeshifter) (D:15)
  5 harpies (Vaults:2)
  3 orc knights
  18 deep elf archers
  3 necromancers
  46 deep elf magi
  5 wolf spiders
  13 mana vipers
  5 orc sorcerers
  3 oklob plants (Lair:5)
  52 ugly things
  7 elephants
  15 salamanders
  3 manticores
  A salamander (shapeshifter) (D:15)
  2 moths of wrath (Snake:3)
  2 cyclopes
  14 guardian serpents
  A black mamba (shapeshifter) (D:15)
  31 black mambas
  9 vault sentinels
  An eye of devastation (shapeshifter) (D:15)
  4 gargoyles
  A torpor snail (Lair:6)
  2 ice statues (IceCv)
  12 naga magi
  24 spiny frogs
  2 orange demons (Lair:6)
  A smoke demon (Lair:6)
  34 yaktaurs
  5 rime drakes
  A rime drake (shapeshifter) (Elf:3)
  7 freezing wraiths
  A kobold demonologist (D:8)
  4 komodo dragons
  2 ice devils (Lair:6)
  2 red devils (Lair:6)
  A wind drake (shapeshifter) (Vaults:2)
  A wolf spider simulacrum (D:15)
  A meliai (D:15)
  13 trolls
  2 polar bears
  4 tyrant leeches
  17 hornets
  14 blink frogs
  Prince Ribbit (D:9)
  10 hippogriffs
  Grinder (Sewer)
  12 bog bodies
  A hippogriff (shapeshifter) (Depths:1)
  42 slime creatures
  A redback (Vaults:4)
  4 air elementals
  Sigmund (D:6)
  4 shadows
  3 water elementals
  A tarantella (shapeshifter) (Vaults:4)
  7 wraiths
  A yak (shapeshifter) (Vaults:4)
  7 spriggans
  2 fire elementals (Snake:1)
  A spectral komodo dragon (Lair:2)
  2 basilisks
  A golden eye (shapeshifter) (D:15)
  3 wyverns
  24 yaks
  3 hungry ghosts
  A hog (D:14)
  2 humans (D:14)
  Eustachio (D:4)
  A redback simulacrum (D:15)
  5 wargs
  A spectral spiny frog (Lair:2)
  A death yak simulacrum (Lair:2)
  15 vampire mosquitoes
  5 insubstantial wisps (Swamp:3)
  55 nagas
  2 acid dragons
  A floating eye (shapeshifter) (Depths:2)
  7 soldier ants (Lair:5)
  17 water moccasins
  16 swamp worms
  14 swamp drakes
  8 porcupines
  Duvessa (D:4)
  6 hell hounds
  A meliai simulacrum (D:15)
  A hornet zombie (D:14)
  10 sky beasts
  A slave (D:6)
  25 ice beasts
  3 phantoms
  41 orc warriors
  2 eyes of draining
  36 ogres
  7 boggarts
  11 wolves
  20 centaurs
  10 crocodiles
  A wolf (shapeshifter) (Depths:2)
  11 big kobolds
  A wyvern zombie (D:12)
  2 earth elementals
  20 bullfrogs
  A spiny frog simulacrum (Lair:2)
  A water moccasin zombie (D:8)
  Dowan (D:4)
  2 wyvern skeletons (D:13)
  An elf simulacrum (Vaults:2)
  6 killer bees
  3 scorpions
  19 wights
  4 howler monkeys
  4 electric eels
  7 jellies
  2 quasits
  6 centaur zombies
  13 crimson imps
  A komodo dragon simulacrum (Lair:2)
  2 bullfrog zombies
  5 hounds
  7 centaur skeletons
  22 orc priests
  25 orc wizards
  Crazy Yiuf (D:6)
  2 bullfrog skeletons
  4 iguanas
  Ijyb (D:3)
  6 hell rats
  Natasha (thrice) (D:4)
  35 worker ants
  3 big kobold zombies
  A killer bee zombie (D:10)
  2 hound zombies
  A hound skeleton (D:4)
  3 mummies (Ossuary)
  A gnoll (shapeshifter) (Depths:2)
  4 gnolls (D:12)
  9 river rats (Lair:6)
  12 adders
  6 shadow imps
  12 white imps (Lair:4)
  2 ufetubi (Sewer)
  5 oozes
  2 adder skeletons
  2 worms (D:2)
  5 dart slugs
  9 leopard geckos
  93 orcs
  2 ball pythons
  11 giant cockroaches
  2 goblins
  4 hobgoblins
  9 jackals
  35 kobolds
  5 quokkas
  5 bats
  7 frilled lizards
  A gnoll zombie (Ossuary)
  A goblin zombie (Ossuary)
  A hobgoblin zombie (Ossuary)
  2 kobold zombies (Ossuary)
  A leopard gecko skeleton (D:4)
  3 leopard gecko zombies
  An orc zombie (Ossuary)
  2 quokka skeletons
  9 rats
  A fungus (Lair:6)
1799 creatures vanquished.

Vanquished Creatures (collateral kills)
  A yaktaur (Depths:2)
1 creature vanquished.

Vanquished Creatures (others)
  A fire giant (D:15)
  An ice beast (D:6)
  A crimson imp (D:6)
  An orc priest (D:6)
  A big kobold zombie (Sewer)
  An orc (D:6)
  A giant cockroach (D:6)
  A quokka (D:6)
  A giant cockroach zombie (Sewer)
  9 fire vortices
  4 fungi
  7 plants
29 creatures vanquished.

Grand Total: 1829 creatures vanquished

Notes
Turn   | Place    | Note
-------+----------+-------------------------------------------
     0 | D:1      | Duffy the Demonspawn Fire Elementalist began the quest for
                  | the Orb.
     0 | D:1      | Reached XP level 1. HP: 13/13 MP: 3/3
   399 | D:2      | Gained mutation: You are slightly more attuned to the
                  | shadows. [demonic ancestry]
   399 | D:2      | Reached XP level 2. HP: 6/19 MP: 0/5
  1511 | D:1      | Gained mutation: You are significantly more attuned to the
                  | shadows. [demonic ancestry]
  1511 | D:1      | Reached XP level 3. HP: 24/24 MP: 3/6
  1649 | D:1      | Learned a level 3 spell: Conjure Flame
  2292 | D:2      | Found a sacrificial altar of Ru.
  2535 | D:2      | Gained mutation: You have sharp fingernails. [demonic
                  | ancestry]
  2535 | D:2      | Reached XP level 4. HP: 30/30 MP: 3/8
  2962 | D:3      | Found a shattered altar of Ashenzari.
  3147 | D:3      | Learned a level 4 spell: Sticky Flame
  3282 | D:3      | Found an iron altar of Okawaru.
  3282 | D:3      | Found a blossoming altar of Fedhas.
  3348 | D:3      | Noticed Ijyb
  3783 | D:3      | Reached skill level 3 in Spellcasting
  4020 | D:4      | Found a stormy altar of Qazlal.
  4341 | D:4      | Noticed Natasha
  4345 | D:4      | Killed Natasha
  4485 | D:4      | Noticed Natasha
  4490 | D:4      | Killed Natasha
  4490 | D:4      | Reached XP level 5. HP: 35/35 MP: 4/9
  4539 | D:4      | Noticed Natasha
  4551 | D:4      | Killed Natasha
  4652 | D:4      | Noticed Duvessa
  4868 | D:5      | Entered Level 5 of the Dungeon
  5059 | D:5      | Reached XP level 6. HP: 24/41 MP: 6/11
  5308 | D:5      | Found a glowing drain.
  5321 | Sewer    | Entered a sewer
  5594 | Sewer    | Reached skill level 4 in Spellcasting
  5733 | Sewer    | Found a burning altar of Makhleb.
  6109 | Sewer    | Gained mutation: When hurt, damage is shared between your
                  | health and your magic reserves. [demonic ancestry]
  6109 | Sewer    | Reached XP level 7. HP: 38/46 MP: 0/13
  6153 | Sewer    | Noticed Grinder
  6170 | Sewer    | Killed Grinder
  6170 | Sewer    | Reached skill level 5 in Fire Magic
  6805 | D:5      | Reached skill level 5 in Spellcasting
  6805 | D:5      | Reached skill level 5 in Conjurations
  7059 | D:6      | Noticed Sigmund
  7073 | D:6      | Killed Sigmund
  7073 | D:6      | Gained mutation: You regenerate magic rapidly. [demonic
                  | ancestry]
  7073 | D:6      | Reached XP level 8. HP: 42/52 MP: 3/15
  7073 | D:6      | Noticed Pikel
  7135 | D:6      | Found a runed door.
  7148 | D:6      | Killed Pikel
  7148 | D:6      | Reached skill level 6 in Spellcasting
  7176 | D:6      | Noticed Crazy Yiuf
  7181 | D:6      | Killed Crazy Yiuf
  7309 | D:6      | Found a sand-covered staircase.
  7313 | Ossuary  | Entered an ossuary
  7450 | Ossuary  | Gained mutation: You are surrounded by a mild repulsion
                  | field. (EV +2) [demonic ancestry]
  7450 | Ossuary  | Reached XP level 9. HP: 57/57 MP: 10/18
  7708 | Ossuary  | Learned a level 5 spell: Fireball
  7758 | D:6      | Found a staircase to the Ecumenical Temple.
  7787 | Temple   | Entered the Ecumenical Temple
  7847 | Temple   | Became a worshipper of Vehumet
  7921 | D:6      | Got a polished leather armour
  7932 | D:6      | Identified the cursed +0 leather armour of Lucidity {rN+
                  | Int+2} (You found it on level 6 of the Dungeon)
  8126 | D:6      | Found a blossoming altar of Fedhas.
  8296 | D:6      | Reached skill level 1 in Fighting
  8620 | D:5      | Found a sparkling altar of Nemelex Xobeh.
  8726 | D:3      | Killed Ijyb
  8801 | D:4      | Noticed Dowan
  8821 | D:4      | Killed Duvessa
  8825 | D:4      | Killed Dowan
  8980 | D:4      | Noticed Eustachio
  8989 | D:4      | Killed Eustachio
  9360 | D:7      | Reached * piety under Vehumet
  9360 | D:7      | Offered knowledge of Magic Dart by Vehumet.
  9549 | D:7      | Reached skill level 5 in Fighting
  9549 | D:7      | Reached skill level 5 in Dodging
  9917 | D:7      | Gained mutation: You have very sharp fingernails. [demonic
                  | ancestry]
  9917 | D:7      | Reached XP level 10. HP: 64/74 MP: 3/20
 10171 | D:7      | Got a polished mace
 10172 | D:7      | Identified the +5 mace of Ussuquun {elec, rPois Int+2} (You
                  | found it on level 7 of the Dungeon)
 10187 | D:8      | Noticed a wizard
 10191 | D:8      | Killed a wizard
 10191 | D:8      | Reached skill level 7 in Spellcasting
 10191 | D:8      | Noticed a wizard
 10253 | D:7      | Killed a wizard
 10548 | D:8      | Got a faintly glowing glaive
 10549 | D:8      | Identified the +9 glaive of Arrival {drain, rPois rF+ rN+
                  | MR+} (You found it on level 8 of the Dungeon)
 10806 | D:8      | Offered knowledge of Shock by Vehumet.
 10965 | D:8      | Reached ** piety under Vehumet
 10999 | D:8      | Reached skill level 8 in Spellcasting
 11868 | D:9      | Noticed an elephant
 11899 | D:9      | Killed an elephant
 11899 | D:9      | Gained mutation: You have claws for hands. [demonic
                  | ancestry]
 11899 | D:9      | Reached XP level 11. HP: 53/79 MP: 13/23
 12134 | D:9      | Got a crystal great sword
 12135 | D:9      | Identified the +8 great sword "Largheuw" {pain, rElec MR-
                  | Str+4} (You found it on level 9 of the Dungeon)
 12185 | D:9      | Found a staircase to the Lair.
 12760 | D:9      | Found a bloodstained altar of Trog.
 12857 | D:9      | Noticed Prince Ribbit
 12863 | D:9      | Killed Prince Ribbit
 13196 | D:10     | Entered Level 10 of the Dungeon
 13286 | D:10     | Offered knowledge of Stone Arrow by Vehumet.
 13367 | D:10     | Learned a level 3 spell: Stone Arrow
 13581 | D:10     | Reached skill level 1 in Earth Magic
 13602 | D:10     | Reached *** piety under Vehumet
 13714 | D:10     | Reached skill level 9 in Spellcasting
 14652 | Lair:1   | Entered Level 1 of the Lair of Beasts
 14664 | Lair:1   | Noticed Nergalle
 14873 | D:9      | Killed Nergalle
 14928 | Lair:1   | Offered knowledge of Mephitic Cloud by Vehumet.
 14939 | Lair:1   | Learned a level 3 spell: Mephitic Cloud
 15454 | Lair:1   | Reached skill level 10 in Spellcasting
 15586 | Lair:1   | Found a hide-covered altar of Uskayaw.
 15858 | Lair:1   | Reached skill level 5 in Earth Magic
 16330 | Lair:2   | Found a runed gate.
 16331 | Lair:2   | Found a runed gate.
 16331 | Lair:2   | Found a runed gate.
 16793 | Lair:2   | Reached XP level 12. HP: 85/87 MP: 22/26
 16795 | Lair:2   | Found a staircase to the Snake Pit.
 17603 | Lair:2   | Reached skill level 12 in Spellcasting
 17603 | Lair:2   | Gained mutation: You are surrounded by a moderate repulsion
                  | field. (EV +3) [demonic ancestry]
 17603 | Lair:2   | Reached XP level 13. HP: 93/93 MP: 26/29
 17978 | Lair:3   | Got a scintillating silver ring
 17980 | Lair:3   | Identified the ring "Avotiz" {rElec rC- MR+++ AC+2 Stlth+}
                  | (You found it on level 3 of the Lair of Beasts)
 18347 | Lair:3   | Reached **** piety under Vehumet
 18684 | Lair:3   | Found a staircase to the Swamp.
 18689 | Lair:3   | Offered knowledge of Irradiate by Vehumet.
 18994 | Lair:4   | Found a frozen archway.
 19007 | IceCv    | Entered an ice cave
 19032 | IceCv    | Reached skill level 13 in Spellcasting
 20100 | IceCv    | Got a shimmering ruby amulet
 20104 | IceCv    | Got a flickering copper ring
 20113 | IceCv    | Identified the amulet of the Shining Light {Harm *Drain
                  | Int+4} (You found it in an ice cave)
 20115 | IceCv    | Identified the ring of Ciwegast {*Slow +Inv EV+3 Int+6
                  | Stlth-} (You found it in an ice cave)
 20652 | Lair:4   | Noticed Sonja
 20653 | Lair:4   | Noticed Sonja
 20653 | Lair:4   | Sonja changed into Sonja the spriggan
 20659 | Lair:4   | Killed Sonja the spriggan
 20812 | Lair:4   | Noticed Rupert
 20818 | Lair:4   | Killed Rupert
 21632 | Lair:5   | Found a staircase to the Slime Pits.
 21640 | Lair:5   | Reached XP level 14. HP: 93/106 MP: 19/31
 21783 | Lair:5   | Identified a scroll of acquirement
 22211 | Lair:5   | Reached ***** piety under Vehumet
 22258 | Lair:5   | Offered knowledge of Orb of Destruction by Vehumet.
 22365 | Lair:5   | Noticed an entropy weaver
 22367 | Lair:5   | Noticed an entropy weaver
 22372 | Lair:5   | Killed an entropy weaver
 22377 | Lair:5   | Killed an entropy weaver
 22821 | Lair:6   | Entered Level 6 of the Lair of Beasts
 22903 | Lair:5   | Learned a level 2 spell: Blink
 23054 | Lair:6   | Reached skill level 14 in Spellcasting
 23437 | Lair:6   | Reached skill level 10 in Fighting
 23504 | Lair:6   | Reached skill level 1 in Evocations
 24468 | Lair:6   | Reached skill level 10 in Dodging
 24511 | Lair:6   | Found a burning altar of Makhleb.
 24519 | Lair:6   | Found a gateway to Hell.
 25063 | Lair:2   | Noticed azzavlup's ghost (journeyman DsAK)
 25079 | Lair:2   | Offered knowledge of Lightning Bolt by Vehumet.
 25086 | Lair:1   | Killed azzavlup's ghost
 25086 | Lair:1   | Reached skill level 5 in Evocations
 26024 | D:11     | Found Gato's Book Boutique.
 26262 | D:12     | You fall through a shaft!
 26276 | D:12     | Reached XP level 15. HP: 115/115 MP: 30/33
 26419 | D:12     | Found a roughly hewn altar of Beogh.
 26421 | D:12     | Found a staircase to the Orcish Mines.
 27414 | Orc:1    | Entered Level 1 of the Orcish Mines
 27611 | Orc:1    | Found Mosow's Food Emporium.
 27804 | Orc:2    | Entered Level 2 of the Orcish Mines
 27935 | Orc:1    | Reached skill level 15 in Spellcasting
 28090 | Orc:2    | Noticed an orc warlord
 28101 | Orc:2    | Killed an orc warlord
 28112 | Orc:1    | Reached skill level 10 in Conjurations
 28425 | Orc:1    | Reached ****** piety under Vehumet
 28606 | Orc:1    | Reached skill level 10 in Fire Magic
 28698 | Orc:2    | Noticed an orc warlord
 29058 | Orc:1    | Killed an orc warlord
 29375 | Orc:2    | Offered knowledge of Yara's Violent Unravelling by Vehumet.
 29804 | Orc:2    | Found Seug Oty's Magic Scroll Emporium.
 29805 | Orc:2    | Found Puwiaw's Food Emporium.
 29811 | Orc:2    | Found Pewnec's General Store.
 29814 | Orc:2    | Bought a scroll of immolation for 45 gold pieces
 29824 | Orc:2    | Found Wuinung's Assorted Antiques.
 29850 | Orc:2    | Found a runed door.
 29851 | Orc:2    | Found a shimmering altar of Xom.
 29851 | Orc:2    | Noticed Amnesiac's ghost (journeyman SpEn)
 29909 | Orc:2    | Found a staircase to the Elven Halls.
 30043 | Orc:2    | Bought 2 potions of magic for 208 gold pieces
 30049 | Orc:2    | Bought a scroll of fear for 45 gold pieces
 30049 | Orc:2    | Bought a scroll of identify for 26 gold pieces
 30049 | Orc:2    | Bought a scroll of identify for 26 gold pieces
 30065 | Orc:2    | Bought a potion of heal wounds for 140 gold pieces
 30065 | Orc:2    | Bought a twisted sapphire ring for 140 gold pieces
 30371 | D:13     | Reached skill level 16 in Spellcasting
 30802 | D:13     | Found a gate to the Vaults.
 31013 | D:13     | Noticed Josephine
 31020 | D:13     | Killed Josephine
 32101 | D:14     | Noticed Kirke
 32108 | D:14     | Offered knowledge of Ozocubu's Refrigeration by Vehumet.
 32111 | D:14     | Killed Kirke
 32508 | D:14     | Gained mutation: You are completely attuned to the shadows.
                  | [demonic ancestry]
 32508 | D:14     | Reached XP level 16. HP: 122/122 MP: 30/36
 32584 | D:14     | Found a sacrificial altar of Ru.
 32922 | D:15     | Entered Level 15 of the Dungeon
 32959 | D:15     | Found the amulet of the Air {Inacc +Fly rElec EV+5 RMsl}
 32959 | D:15     | Found a runed door.
 33018 | D:15     | Found a snail-covered altar of Cheibriados.
 33052 | D:15     | Found Paefada's Jewellery Boutique.
 33106 | D:15     | Found an ornate altar of the Wu Jian Council.
 33558 | D:15     | Found Begi's Antique Armour Boutique.
 33563 | D:15     | Bought a shimmering buckler for 256 gold pieces
 33569 | D:15     | Identified the cursed +0 buckler of Padiacam {MR+ Int-5
                  | Dex+3 SInv} (You bought it in a shop on level 15 of the
                  | Dungeon)
 33684 | D:15     | Found Esosch's Gadget Shop.
 33821 | D:15     | Found a staircase to the Depths.
 34296 | D:15     | Identified the +7 morningstar of Innocence {pain, +Inv}
 34296 | D:15     | Identified the ring "Heittato" {MP+9 Int+4 Dex+4}
 35387 | D:15     | Got a smoking ruby amulet
 35391 | D:15     | Got a smoking bone amulet
 35399 | D:15     | Got a pair of heavily runed boots
 35410 | D:15     | Identified the cursed +0 pair of boots of Vogannom {rF+ rN+
                  | rCorr Dex-5} (You found it on level 15 of the Dungeon)
 35529 | Elf:1    | Entered Level 1 of the Elven Halls
 35560 | Orc:2    | Learned a level 6 spell: Iron Shot
 35754 | Elf:1    | Learned a level 3 spell: Regeneration
 35763 | Elf:1    | Offered knowledge of Bolt of Fire by Vehumet.
 35764 | Elf:1    | Reached skill level 1 in Necromancy
 35904 | Elf:1    | Learned a level 6 spell: Bolt of Fire
 35926 | Elf:1    | Reached skill level 1 in Charms
 36145 | Elf:1    | Found Xaublas's Armour Shoppe.
 36467 | Elf:1    | Found a runed gate.
 36467 | Elf:1    | Found a runed gate.
 36500 | Elf:1    | Found a runed gate.
 37280 | Elf:1    | Noticed feelmyfire's ghost (adept TrWr)
 37294 | Elf:1    | Killed feelmyfire's ghost
 37486 | Elf:2    | Reached skill level 17 in Spellcasting
 37627 | Elf:2    | Identified the amulet "Diukloul" {Inacc +Fly rN++ Dex+4}
                  | (You found it on level 15 of the Dungeon)
 37645 | Elf:2    | Found Buorghou's Book Emporium.
 37876 | Elf:2    | Found a runed gate.
 37876 | Elf:2    | Found a runed gate.
 37877 | Elf:2    | Found a runed gate.
 37953 | Elf:2    | Gained mutation: When low on magic, you restore magic in
                  | place of health. [demonic ancestry]
 37953 | Elf:2    | Reached XP level 17. HP: 128/128 MP: 38/38
 38571 | Elf:3    | Entered Level 3 of the Elven Halls
 38616 | Elf:3    | Found a flickering gateway to a bazaar.
 38623 | Bazaar   | Entered a bazaar
 38664 | Bazaar   | Found Wodda's Antique Weapon Shoppe.
 38679 | Bazaar   | Found Eprej's Antique Armour Shoppe.
 38713 | Bazaar   | Found Nuhin's Antique Armour Shoppe.
 38729 | Bazaar   | Bought a pair of bloodstained boots for 304 gold pieces
 38729 | Bazaar   | Bought an embroidered cloak for 240 gold pieces
 38753 | Bazaar   | Identified the +0 pair of boots of Trumpets {rN+} (You
                  | bought it in a shop in a bazaar)
 38763 | Bazaar   | Bought a brightly glowing ring mail for 288 gold pieces
 38782 | Bazaar   | Identified the cursed +0 ring mail of Complete Protection
                  | {Int+2} (You bought it in a shop in a bazaar)
 38830 | Bazaar   | Bought an embroidered robe for 125 gold pieces
 38964 | Elf:3    | Offered knowledge of Conjure Ball Lightning by Vehumet.
 39251 | Elf:3    | Noticed Roxanne
 39471 | Elf:3    | Killed Roxanne
 40185 | Elf:3    | Noticed a deep elf blademaster
 40829 | Elf:3    | Identified the +12 morningstar of the Dark Horse
                  | {antimagic, rElec rPois Dex+4 Stlth+}
 40875 | Elf:3    | Identified the ring "Uvuzot" {rElec rPois rF- Int+3 Dex+4}
 40900 | Elf:3    | Identified the +4 spear "Tyats" {pierce, SInv}
 41061 | Elf:3    | Noticed a deep elf blademaster
 41328 | Elf:3    | Identified the ring of the Lily {rPois AC+3}
 41329 | Elf:3    | Killed a deep elf blademaster
 41696 | Elf:3    | Identified the amulet of Koamuklit {Reflect +Inv Slay+5
                  | SH+4} (You found it on level 15 of the Dungeon)
 41722 | Elf:3    | Identified the amulet of Ugedic {Spirit rElec Dex+4 Stlth+}
 42113 | Elf:3    | Killed a deep elf blademaster
 42173 | Elf:3    | Identified the Compendium of Heat and Malediction
 42180 | Elf:3    | Identified the Catalogue of the Rocks and Necromancy
 42202 | Elf:3    | Identified the Handbook of Conjuration and Augmentations
 42930 | Elf:3    | Noticed a deep elf master archer
 42932 | Elf:3    | Killed a deep elf master archer
 42932 | Elf:3    | Reached XP level 18. HP: 138/138 MP: 30/39
 43548 | Orc:2    | Reached skill level 18 in Spellcasting
 43883 | Orc:2    | Killed Amnesiac's ghost
 44095 | Snake:1  | Entered Level 1 of the Snake Pit
 44616 | Snake:1  | Noticed Azrael
 44621 | Snake:1  | Killed Azrael
 44621 | Snake:1  | Offered knowledge of Poison Arrow by Vehumet.
 45790 | Snake:2  | Found Joiw's Antique Weapon Emporium.
 47199 | Snake:3  | Found a transporter.
 47204 | Snake:3  | Noticed Sefexkig's ghost (adept MfIE)
 47586 | Snake:3  | Noticed Asterion
 47985 | Snake:3  | Found a transporter.
 48643 | Snake:3  | HP: 7/140 [Asterion/bolt of lightning (36)]
 48645 | Snake:3  | HP: 2/140 [Asterion/bolt of negative energy (5)]
 49105 | Snake:4  | Entered Level 4 of the Snake Pit
 49227 | Snake:4  | Got a shimmering lead ring
 49238 | Snake:4  | Identified the ring of Wexepp {+Fly rF+ Stlth+} (You found
                  | it on level 4 of the Snake Pit)
 49297 | Snake:4  | Offered knowledge of Fire Storm by Vehumet.
 49297 | Snake:4  | Offered knowledge of Tornado by Vehumet.
 49297 | Snake:4  | Offered knowledge of Ignition by Vehumet.
 49377 | Snake:4  | Learned a level 8 spell: Ignition
 49387 | Snake:4  | Learned a level 9 spell: Fire Storm
 49497 | Snake:4  | Got a shimmering iron ring
 49499 | Snake:4  | Identified the ring "Ucsideuz" {Int+2 Dex+3} (You found it
                  | on level 4 of the Snake Pit)
 49520 | Snake:4  | Found Riesh's Food Shop.
 49871 | Snake:4  | Reached skill level 10 in Evocations
 50594 | Swamp:1  | Entered Level 1 of the Swamp
 51357 | Swamp:1  | Found a transporter.
 51523 | Swamp:1  | Found a transporter.
 51600 | Swamp:1  | Reached XP level 19. HP: 146/148 MP: 41/41
 51629 | Swamp:1  | Got a sparkling turquoise ring
 51646 | Swamp:1  | Got a translucent lead ring
 51648 | Swamp:1  | Identified the ring of Grace {-Tele rF+ Str+5 Int+8} (You
                  | found it on level 1 of the Swamp)
 51650 | Swamp:1  | Identified the ring "Vivvusu" {*Contam +Inv rPois EV+1
                  | Int+8} (You found it on level 1 of the Swamp)
 53603 | Swamp:3  | Reached skill level 15 in Conjurations
 53853 | Swamp:3  | Found a white marble altar of Elyvilon.
 54172 | Swamp:4  | Entered Level 4 of the Swamp
 55026 | Swamp:4  | Got a decaying rune of Zot
 55794 | Vaults:1 | Entered Level 1 of the Vaults
 55960 | Vaults:1 | Found Obeff's General Store.
 55965 | Vaults:1 | Bought a scroll of identify for 36 gold pieces
 55986 | Vaults:1 | Reached skill level 19 in Spellcasting
 57239 | Vaults:1 | Found a deep blue altar of Sif Muna.
 57243 | Vaults:1 | Found Xecweantell's Gadget Boutique.
 57260 | Vaults:1 | Found Issebbu's Book Emporium.
 57314 | Vaults:1 | Reached XP level 20. HP: 158/158 MP: 39/43
 57753 | Vaults:2 | Got a fine leather armour
 57764 | Vaults:2 | Identified the +3 leather armour of Ovvisif {rC+ Slay+4}
                  | (You found it on level 2 of the Vaults)
 57819 | Vaults:2 | Noticed Sojobo
 58273 | Vaults:2 | Killed Sojobo
 58715 | Vaults:2 | Noticed Boris
 58718 | Vaults:2 | Killed Boris
 58928 | Vaults:2 | Noticed Saint Roka
 58933 | Vaults:2 | Killed Saint Roka
 59735 | Vaults:2 | Paralysed by a great orb of eyes for 5 turns
 59934 | Vaults:3 | Found a portal to a secret trove of treasure.
 59996 | Vaults:3 | Found a flickering gateway to a bazaar.
 60006 | Bazaar   | Entered a bazaar
 60015 | Bazaar   | Found Moeroweme's Jewellery Boutique.
 60032 | Bazaar   | Found Nuot's Magic Scroll Emporium.
 60049 | Bazaar   | Found Nantih's Magic Scroll Boutique.
 60066 | Bazaar   | Found Soeleir's Antique Weapon Shoppe.
 60113 | Bazaar   | Bought a scroll of summoning for 123 gold pieces
 60113 | Bazaar   | Bought a scroll of identify for 26 gold pieces
 60113 | Bazaar   | Bought 3 scrolls of torment for 292 gold pieces
 60113 | Bazaar   | Bought a scroll of identify for 26 gold pieces
 60113 | Bazaar   | Bought a scroll of identify for 26 gold pieces
 60130 | Bazaar   | Bought 2 scrolls of identify for 56 gold pieces
 60130 | Bazaar   | Bought 2 scrolls of teleportation for 84 gold pieces
 60130 | Bazaar   | Bought a scroll of identify for 28 gold pieces
 60130 | Bazaar   | Bought 3 scrolls of teleportation for 126 gold pieces
 60130 | Bazaar   | Bought a scroll of teleportation for 42 gold pieces
 60130 | Bazaar   | Bought a scroll of identify for 28 gold pieces
 60130 | Bazaar   | Bought a scroll of amnesia for 49 gold pieces
 60130 | Bazaar   | Bought a scroll of fog for 28 gold pieces
 60130 | Bazaar   | Bought a scroll of magic mapping for 49 gold pieces
 60468 | Vaults:3 | Reached skill level 15 in Fighting
 61019 | Vaults:3 | Gained mutation: You are surrounded by a strong repulsion
                  | field. (EV +4, RMsl) [demonic ancestry]
 61019 | Vaults:3 | Reached XP level 21. HP: 154/168 MP: 44/44
 61641 | Vaults:3 | Found a staircase to the Crypt.
 61641 | Vaults:3 | Found an ancient bone altar of Kikubaaqudgha.
 61641 | Vaults:3 | Found a basalt altar of Yredelemnul.
 61690 | Vaults:4 | Reached skill level 15 in Fire Magic
 62383 | Vaults:4 | Found the +10 Black Knight's horse barding {ponderous,
                  | rPois rN+}
 62463 | Vaults:4 | Reached skill level 20 in Spellcasting
 63328 | Vaults:4 | Noticed Jory
 63337 | Vaults:4 | Killed Jory
 64350 | Snake:3  | Killed Sefexkig's ghost
 64353 | Snake:3  | Got a wavering diamond amulet
 64354 | Snake:3  | Identified the amulet "Wasus" {Spirit *Corrode MR+ Dex+2
                  | Stlth+} (You found it on level 3 of the Snake Pit)
 64512 | Snake:3  | Found a transporter.
 64559 | Snake:3  | Found a transporter.
 65050 | Snake:3  | Killed Asterion
 65853 | Snake:4  | Got a serpentine rune of Zot
 66251 | Depths:1 | Entered Level 1 of the Depths
 66673 | Depths:1 | Gained mutation: Your magical and physical power is
                  | slightly enhanced at high health. [demonic ancestry]
 66673 | Depths:1 | Reached XP level 22. HP: 175/175 MP: 38/46
 66984 | Depths:1 | Found a runed gate.
 66984 | Depths:1 | Found a runed gate.
 66985 | Depths:1 | Found a runed gate.
 67361 | Depths:1 | Noticed a caustic shrike
 67363 | Depths:1 | a caustic shrike changed into an acid blob
 67700 | Depths:1 | Killed Xanleava's ghost
 68065 | Depths:2 | Noticed a caustic shrike
 68248 | Depths:1 | Killed a caustic shrike
 68337 | Depths:2 | Noticed a juggernaut
 68345 | Depths:2 | Killed a juggernaut
 68349 | Depths:2 | Noticed a caustic shrike
 68457 | Depths:2 | Noticed a caustic shrike
 68457 | Depths:2 | Noticed a caustic shrike
 68800 | Depths:2 | Reached skill level 21 in Spellcasting
 68849 | Depths:2 | Found a runed gate.
 68850 | Depths:2 | Found a runed gate.
 68850 | Depths:2 | Noticed OllytheWally's ghost (adept FoAK)
 68851 | Depths:2 | Found a runed gate.
 69134 | Depths:2 | Found a one-way gate to the infinite horrors of the Abyss.
 69230 | Depths:2 | Got a dazzling leather armour
 69242 | Depths:2 | Identified the +3 leather armour "Gokiah" {rF+ MR- rCorr
                  | Dex+3} (You took it off a necromancer on level 2 of the
                  | Depths)
 69462 | Depths:2 | Killed a caustic shrike
 69758 | Depths:2 | Killed a caustic shrike
 69762 | Depths:2 | Killed a caustic shrike
 69903 | Depths:2 | Found a one-way gate leading to the halls of Pandemonium.
 70389 | Vaults:3 | Got a faintly glowing plate armour
 70402 | Vaults:3 | Identified the +5 plate armour "Jemuttuss" {Slay+3} (You
                  | found it on level 3 of the Vaults)
 70664 | Depths:2 | Paralysed by a lich for 7 turns
 70670 | Depths:2 | Annihilated by a titan

Vault maps used:
D:1:      nzn_arrival_depleted_hourglass, minmay_cupped
D:2:      lemuel_round_altar, first_ration, grunt_decor_resistance,
          chequers_arboretum
D:3:      nicolae_overflow_hidden_temple, nicolae_ashenzari_panopticon,
          uniq_ijyb
D:4:      lemuel_doored_altar, uniq_eustachio, uniq_natasha, uniq_duvessa
D:5:      marbit_many_paths, portal_sewer_entry_f
D:6:      minmay_temple_entry_glass, enter_ossuary_5, fedhas_altar_1,
          uniq_pikel, uniq_crazy_yiuf_cottage, uniq_sigmund
D:7:      minmay_angry_zag
D:8:      cheibrodos_wizards_tower, special_room, the_bakery
D:9:      nicolae_overflow_crystal_walls, david_lair_generic,
          kennysheep_generic_room_12, uniq_prince_ribbit1
D:10:     minmay_bloctagon
D:11:     statuecave_lemuel, serial_shops, kennysheep_mini, serial_bayou_pond_a,
          serial_bayou_pond_d, kennysheep_path_1
D:12:     david_orc_5
D:13:     hangedman_vaults_entry_quadrant_bands, uniq_josephine
D:14:     nicolae_ru_awakened_eye, uniq_kirke
D:15:     grunt_enter_depths_magical_seal, minmay_misc_feat_rugged,
          serial_shops, nicolae_shop_statue_plus, shop, nicolae_shop_crystal,
          minmay_st_funbox, hangedman_feature_mirror,
          minmay_the_grid_square_5x5_3x3_mashed
Temple:   eino_wide_crystal_templ
Lair:1:   basic_altar, grunt_megastairs_5, uniq_nergalle
Lair:2:   minmay_snake_entry_guardpost_medium, gammafunk_ghost_necromancy,
          serial_bayou_shore_a
Lair:3:   skrybe_swamp_entry_bodies
Lair:4:   portal_ice_cave_entry_imps, grunt_megastairs_1,
          infiniplex_staircase_pool_2, uniq_sonja, uniq_rupert
Lair:5:   minmay_slime_entry_oklob_open, minmay_another_anthill
Lair:6:   evil_forest, kennysheep_rathole
Swamp:1:  gammafunk_its_a_trap, evilmike_swamp_ruin_house_1,
          infiniplex_staircase_pool
Swamp:2:  wheals_swamp_sinkhole, swamp_pool4, st_swamp_ruins_3
Swamp:3:  nicolae_swamp_godswood
Swamp:4:  swamp_alternative
Snake:1:  uniq_azrael
Snake:2:  serial_shops, nicolae_shop_stone, st_stairs_2
Snake:3:  gammafunk_ghost_berserking_beasts, uniq_asterion
Snake:4:  grunt_snake_rune_serpentine_throne, serial_shops, shop_fountains
Orc:1:    serial_shops, nicolae_shop_trees, uniq_fannar, uniq_erolcha
Orc:2:    st_orc_open, ebering_ghost_xom, statue_in_the_mist_lemuel
Elf:1:    ebering_ghost_rock_garden, serial_shops, shop_statue, minivault_28
Elf:2:    serial_shops, shop, grunt_ministairs_1
Elf:3:    minmay_elf_hall_quartered_circle, serial_shops, bzr_entry_customers,
          spider_trap, minivault_27, uniq_roxanne
Vaults:1: vaults_room_door_ring, v_misc_5, nicolae_vaults_murderbox,
          vaults_room_corners, grunt_vaults_hallway_short,
          hangedman_vaults_restitches, v_misc_8, nicolae_vaults_alarming,
          dpeg_vaults_monster_box, nicolae_vaults_specimen_jars, v_misc_27,
          vaults_room_semicircle, ontoclasm_vaults_gateway, serial_glass,
          serial_shops, shop_statue, shop, shop, basic_altar
Vaults:2: vaults_mumra_chevron_long, grunt_vaults_diagonal,
          vaults_standard_mumra_enter_the_diamond, nicolae_vaults_shelves_hall,
          v_misc_27, nicolae_vaults_windows_and_doors_thing,
          vaults_mumra_chevron, v_misc_5, vaults_dpeg_hooks,
          nicolae_vaults_ring_of_whatevers, grunt_vaults_funnel, uniq_boris,
          uniq_sojobo, uniq_saint_roka
Vaults:3: nicolae_vaults_puzzle_piece, nicolae_vaults_network_star,
          hangedman_vaults_stretched_pinwheel, minmay_crypt_entry_necro_gods,
          ontoclasm_vaults_misaligned, v_misc_1,
          nicolae_vaults_little_squares_1, nicolae_vaults_little_squares_1,
          nicolae_vaults_little_squares_3, serial_shops, bzr_entry_gold,
          nicolae_trove_entry_crystal
Vaults:4: v_pattern_3, ontoclasm_vaults_twist, vaults_mumra_hexcomb,
          hangedman_vaults_capsules, grunt_vaults_twisty,
          nicolae_vaults_three_branches, kb_rosetta,
          vaults_standard_mumra_lines, hangedman_vaults_impose, stair_cage_open,
          uniq_jory
Depths:1: nicolae_twisting_strands, hell_entry, ebering_ghost_rock_garden,
          serial_bayou_pond_e, kennysheep_nub, kennysheep_donut,
          serial_sigils_hangedman_snap, hangedman_decor_lopped,
          corexii_hall_statues_i, chequers_serial_rivers_micro_d,
          evilmike_butchery
Depths:2: grunt_x_marks_the_spot, abyss_entry_crystal,
          chequers_serial_rivers_micro_d, gammafunk_ghost_split,
          grunt_pan_entry_in_and_out, hell_entry
Bazaar:   bazaar_jpeg_triangles, bazaar_jpeg_circle_common
Sewer:    kennysheep_sewer_church
Ossuary:  ossuary_crypta
IceCv:    ice_cave_small_dragons

Skill      XL: |  1  2  3  4  5  6  7  8  9 10 11 12 13 14 15 16 17 18 19 20 21 22 |
---------------+-------------------------------------------------------------------+-----
Fire Magic     | 3 4 5 6 7 8 9 10 11 12 13 14 16 17 | 17.1
Conjurations   | 2 3 4 5 6 7 8 9 10 11 12 14 16 17 18 19 | 19.9
Spellcasting   | 3 4 5 6 8 10 12 13 14 16 17 18 19 20 21 | 21.3
Dodging        | 5 8 10 | 10.0
Fighting       | 5 8 10 11 12 13 15 | 15.0
Earth Magic    | 5 |  5.0
Evocations     | 5 6 8 10 | 10.0
Necromancy     | 4 |  4.1
Charms         | 4 |  4.1
Stealth        | |  1.7

Action                   |  1- 3 |  4- 6 |  7- 9 | 10-12 | 13-15 | 16-18 | 19-21 | 22-24 || total
-------------------------+-------+-------+-------+-------+-------+-------+-------+-------++-------
Melee: Unarmed           |     3 |     1 |       |       |       |       |       |       ||     4
       Whip              |       |       |    13 |       |       |       |       |       ||    13
       Quarterstaff      |       |       |    35 |     7 |       |       |       |       ||    42
       Glaive            |       |       |       |   310 |   162 |     9 |       |       ||   481
       Staff             |       |       |       |       |       |       |     1 |       ||     1
 Fire: Blowgun           |       |     3 |     5 |       |       |       |       |       ||     8
 Cast: Flame Tongue      |    81 |   148 |   239 |    42 |    75 |       |       |       ||   585
       Conjure Flame     |       |     3 |    10 |    12 |     1 |     1 |       |       ||    27
       Sticky Flame      |       |     1 |    22 |    51 |    66 |     3 |       |       ||   143
       Fireball          |       |       |       |     6 |   160 |   108 |    23 |    12 ||   309
       Stone Arrow       |       |       |       |       |   522 |   117 |       |       ||   639
       Blink             |       |       |       |       |    35 |    11 |     7 |     4 ||    57
       Bolt of Fire      |       |       |       |       |       |   343 |   537 |   109 ||   989
       Iron Shot         |       |       |       |       |       |    82 |    37 |    25 ||   144
       Regeneration      |       |       |       |       |       |     7 |     1 |       ||     8
       Ignition          |       |       |       |       |       |     3 |    25 |     4 ||    32
       Fire Storm        |       |       |       |       |       |       |     3 |     9 ||    12
 Abil: Evoke Flight      |       |       |       |       |     2 |       |       |       ||     2
       Stop Flying       |       |       |       |       |     1 |       |       |       ||     1
Evoke: Wand              |       |       |       |       |     8 |    21 |       |       ||    29
       Phial of floods   |       |       |       |       |       |     1 |       |       ||     1
  Use: Scroll            |       |       |       |    12 |    13 |    18 |    13 |     2 ||    58
       Potion            |       |       |       |     1 |       |     6 |     1 |       ||     8
 Stab: Sleeping          |       |       |       |    26 |     5 |       |       |       ||    31
       Distracted        |       |       |       |     1 |     1 |       |       |       ||     2
  Eat: Chunk             |     6 |     9 |    22 |    31 |    36 |    31 |    21 |    10 ||   166
       Ration            |       |     1 |       |       |     2 |    11 |     8 |     1 ||    23
Armor: Robe              |    17 |       |       |       |       |    43 |    11 |    13 ||    84
       Leather armour    |       |    13 |    46 |    76 |    89 |     2 |    11 |       ||   237
Dodge: Dodged            |    52 |    35 |    87 |   340 |   625 |   171 |   103 |    25 ||  1438
       Deflected         |       |       |       |       |       |       |     5 |     4 ||     9

Table legend:
 A = Non-vault XP
 B = Vault XP
 C = Vault XP percentage of total XP
 D = Non-vault monster count
 E = Vault monster count
 F = Vault count percentage of total count
                 A         B        C        D         E       F
            +---------+---------+-------+---------+---------+-------
      Total |  424236 |  388914 |  47.8 |    1138 |     661 |  36.7
            +---------+---------+-------+---------+---------+-------
        D:1 |      32 |       5 |  13.5 |      16 |       3 |  15.8
        D:2 |      78 |       0 |   0.0 |      21 |       0 |   0.0
        D:3 |      27 |      36 |  57.1 |      14 |       1 |   6.7
        D:4 |     140 |     436 |  75.7 |       8 |       4 |  33.3
        D:5 |     381 |       8 |   2.1 |      21 |       4 |  16.0
        D:6 |    1069 |     956 |  47.2 |      28 |       3 |   9.7
        D:7 |    2024 |     813 |  28.7 |      31 |       4 |  11.4
        D:8 |    1705 |    1874 |  52.4 |      26 |      16 |  38.1
        D:9 |     586 |    2158 |  78.6 |      12 |       7 |  36.8
       D:10 |    1313 |     908 |  40.9 |      19 |      14 |  42.4
       D:11 |    3412 |       0 |   0.0 |      14 |       0 |   0.0
       D:12 |    6598 |    1109 |  14.4 |      47 |      21 |  30.9
       D:13 |    1754 |    6437 |  78.6 |      25 |      22 |  46.8
       D:14 |   10186 |    2365 |  18.8 |      52 |       2 |   3.7
       D:15 |    4954 |   18352 |  78.7 |      27 |      33 |  55.0
     Lair:1 |    4106 |    1254 |  23.4 |      23 |       2 |   8.0
     Lair:2 |    4222 |    2086 |  33.1 |      15 |      10 |  40.0
     Lair:3 |    2873 |     502 |  14.9 |      14 |       2 |  12.5
     Lair:4 |    4757 |    4040 |  45.9 |      18 |      16 |  47.1
     Lair:5 |    5518 |    6997 |  55.9 |      24 |      32 |  57.1
     Lair:6 |   13634 |   11800 |  46.4 |      37 |      39 |  51.3
    Swamp:1 |   13128 |    3105 |  19.1 |      33 |       7 |  17.5
    Swamp:2 |   10137 |    4332 |  29.9 |      23 |       5 |  17.9
    Swamp:3 |   18488 |       0 |   0.0 |      40 |       0 |   0.0
    Swamp:4 |    9445 |   18440 |  66.1 |      26 |      27 |  50.9
    Snake:1 |   14755 |    1954 |  11.7 |      34 |       5 |  12.8
    Snake:2 |   17454 |     523 |   2.9 |      34 |       1 |   2.9
    Snake:3 |    7601 |   11266 |  59.7 |      12 |      12 |  50.0
    Snake:4 |   15962 |   44165 |  73.5 |      38 |      62 |  62.0
      Orc:1 |    3659 |   12721 |  77.7 |      33 |      24 |  42.1
      Orc:2 |    5155 |    4475 |  46.5 |      24 |      15 |  38.5
      Elf:1 |   12902 |   10730 |  45.4 |      26 |      12 |  31.6
      Elf:2 |   18245 |    3270 |  15.2 |      33 |       4 |  10.8
      Elf:3 |   23100 |   46865 |  67.0 |      38 |      33 |  46.5
   Vaults:1 |   20503 |   17271 |  45.7 |      27 |      27 |  50.0
   Vaults:2 |   42906 |   34111 |  44.3 |      66 |      40 |  37.7
   Vaults:3 |   31120 |    8301 |  21.1 |      44 |       9 |  17.0
   Vaults:4 |   16569 |   35456 |  68.2 |      29 |      32 |  52.5
   Depths:1 |   45532 |    7636 |  14.4 |      52 |       5 |   8.8
   Depths:2 |   28206 |   55961 |  66.5 |      34 |      41 |  54.7
      Sewer |       0 |     652 | 100.0 |       0 |      34 | 100.0
    Ossuary |       0 |     130 | 100.0 |       0 |      11 | 100.0
      IceCv |       0 |    5414 | 100.0 |       0 |      20 | 100.0
            +---------+---------+-------+---------+---------+-------
